Cogmind - Beta 14 *** ADVENTURER MODE // 2024.11.28 @ 20:56:02 Player: arson Result: Destroyed by G-34 Mercenary with Small Laser Performance ------------- Evolutions (1) 500 Regions Visited (3) 600 Robots Destroyed (18) 90 Value Destroyed (435) 435 Prototype IDs (1) 20 Alien Tech Used (0) 0 Bonus (0) 0 TOTAL SCORE: 1645 Bonus ------- None Cogmind --------- Core Integrity 0/400 Matter 280/300 Energy 63/100 System Corruption 3% Temperature Cool (6) Movement Core (250) Ox4 Location -9/Materials Parts ------- > --- POWER (2) -------- (None) > --- PROPULSION (2) --- (None) > --- UTILITY (2) ------ Heat Sink Medium Storage Unit > --- WEAPON (3) ------- Spread Laser > --- INVENTORY (10) --- Light Ion Engine Experimental Sensor Array Peak State ------------ > --- POWER ------------ Ion Engine Light Ion Engine > --- PROPULSION ------- Flight Unit Flight Unit > --- UTILITY ---------- Visual Processing Unit Experimental Sensor Array > --- WEAPON ----------- Light Assault Rifle Datajack > --- INVENTORY -------- Light Ion Engine Medium Storage Unit Propulsion Shielding [Rating: 17] Favorites ----------- Power Light Ion Engine Engine Light Ion Engine Power Core Light Nuclear Core Propulsion Hover Unit Leg Aluminum Leg Wheel Wheel Hover Unit Hover Unit Flight Unit Flight Unit Utility Visual Processing Unit Device Terrain Scanner Storage Medium Storage Unit Processor Visual Processing Unit Protection Propulsion Shielding Weapon Assault Rifle Energy Gun Medium Laser Ballistic Gun Assault Rifle Ballistic Cannon Light Cannon Launcher Grenade Launcher Special Melee Weapon Datajack Build | -11 -10 -10 -9 ------- Run | Yrd Mat Min Mat Slots Evolved 2 | . . . 2 Power 1 | . . . 1 Propulsion . | . . . . Utility . | . . . . Weapon 1 | . . . 1 Parts Attached 43 | 7 20 9 7 Power 8 | 1 4 2 1 Engine 7 | 1 3 2 1 Core 1 | . 1 . . Reactor . | . . . . Propulsion 13 | 3 6 2 2 Treads . | . . . . Leg 6 | 3 1 . 2 Wheel 2 | . 2 . . Hover 3 | . 3 . . Flight 2 | . . 2 . Utility 11 | . 6 2 3 Device 4 | . 2 1 1 Storage 2 | . 1 . 1 Processor 2 | . 2 . . Hackware . | . . . . Protection 3 | . 1 1 1 Artifact . | . . . . Weapon 11 | 3 4 3 1 Energy Gun 2 | 1 . . 1 Energy Cannon . | . . . . Ballistic Gun 4 | 2 1 1 . Ballistic Cannon 1 | . 1 . . Launcher 2 | . 2 . . Special Weapon . | . . . . Impact Weapon . | . . . . Slashing Weapon . | . . . . Piercing Weapon . | . . . . Special Melee Weapon 2 | . . 2 . Unidentified Prototypes 1 | . . 1 . Parts Lost 16 | . . 6 10 Power 3 | . . 1 2 Propulsion 6 | . . 2 4 Utility 3 | . . 1 2 Weapon 4 | . . 2 2 Highest Loss Streak 6 | . . 6 5 To Critical Strikes . | . . . . Average Slot Usage (%) 78 | . 97 76 36 Engine 9 | . 12 8 3 Core 1 | . 1 4 . Leg 2 | . 2 . 4 Wheel 1 | . 3 . . Hover 14 | . 22 7 . Flight 2 | . . 11 4 Device 5 | . 5 8 2 Storage 5 | . 6 . 4 Processor 10 | . 10 14 7 Protection 3 | . 2 5 2 Ballistic Gun 7 | . 9 4 5 Ballistic Cannon 5 | . 8 5 . Launcher 6 | . 9 2 . Peak Build Rating 17 | 5 10 16 17 Average Rating 6 | 4 7 8 7 On Entrance 7 | . 5 10 16 Naked Turns . | . . . . Heaviest Build 21 | 7 21 12 14 Greatest Support 20 | 20 20 8 20 Greatest Overweight (x) 4 | . 1 1 4 Average Overweight (x) . | . . . 1 Largest Inventory Capacity 10 | 5 10 5 10 Average Capacity 6 | 5 7 5 7 Most Carried 6 | 5 6 5 5 Average Carried 3 | 2 4 4 3 Final Capacity 10 | 5 5 5 10 Final Carried 5 | 5 5 4 2 Class Distribution -------------------- 70% | Mutant 29% | Scavenger-Mutant Dominant Class ---------------- Mutant | -10/Materials Mutant | -10/Mines Scavenger-Mutant | -9/Materials Resources | -11 -10 -10 -9 ----------- Run | Yrd Mat Min Mat Matter Collected 737 | 291 282 62 102 Remotely . | . . . . Salvage Created 457 | 34 249 87 87 Parts 34 | 2 22 8 2 Haulers Intercepted . | . . . . Recyclers Shooed . | . . . . Parts Field Recycled . | . . . . Retrieved Matter . | . . . . Parts Self-Destructed . | . . . . Prevented . | . . . . Kills | -11 -10 -10 -9 ------- Run | Yrd Mat Min Mat Combat Hostiles Destroyed 12 | 1 4 5 2 Melee 2 | . . 1 1 Guns 2 | 1 . . 1 Cannons 4 | . 1 3 . AOE 4 | . 3 1 . Classes Destroyed 6 | 1 4 1 . Worker 1 | . 1 . . Builder 1 | . 1 . . Recycler 1 | . 1 . . Watcher 3 | . 3 . . Swarmer 3 | . . 3 . Grunt 9 | 1 4 2 2 Best Kill Streak 5 | 1 5 5 1 Combat Bots Only 5 | 1 2 5 1 Max Kills in Single Turn 2 | 1 2 1 1 Gunslinging . | . . . . Exploded 2 | . 2 1 . Melee 1 | . . 1 1 Uniques/NPCs Destroyed . | . . . . Combat | -11 -10 -10 -9 -------- Run | Yrd Mat Min Mat Hostile Shots Fired 195 | 8 19 43 125 Missed 47 | . 7 8 32 Damage Taken 1444 | 67 185 307 885 Core 557 | 9 39 106 403 Absorbed by Shields . | . . . . Redirected to Shielding 35 | . . 2 33 Ignored by Resistances 447 | 22 54 91 280 Core Remaining (%) 67 | 96 . 38 . Volleys Fired 52 | 5 21 10 16 Largest 2 | 2 2 2 1 Hottest 70 | 70 65 65 65 Shots Fired 78 | 10 38 14 16 Gun 36 | 10 10 . 16 Cannon 25 | . 15 10 . Launcher 17 | . 13 4 . Special . | . . . . Kinetic 57 | 7 25 10 15 Thermal 4 | 3 . . 1 Explosive 17 | . 13 4 . Electromagnetic . | . . . . Robot Hit Streak 11 | 10 7 3 11 Robot Miss Streak 2 | . 2 2 2 Penetration Max . | . . . . Secondary Targets . | . . . . Shots Hit Robots 48 | 10 17 9 12 Core Hits 44 | 2 19 9 14 Critical Kills . | . . . . Critical Parts Destroyed . | . . . . Critical Strikes 1 | . 1 . . Blast 1 | . 1 . . Melee Attacks 4 | . . 4 . Impact . | . . . . Slashing . | . . . . Piercing . | . . . . Sneak Attacks . | . . . . Combat Hostiles . | . . . . Follow-up Attacks . | . . . . Damage Inflicted 1127 | 124 546 298 159 Guns 282 | 124 36 . 122 Cannons 245 | . 154 91 . Explosions 548 | . 354 194 . Melee . | . . . . Ramming 52 | . 2 13 37 Kinetic 462 | 86 190 91 95 Thermal 65 | 38 . . 27 Explosive 548 | . 354 194 . Electromagnetic . | . . . . Impact . | . . . . Slashing . | . . . . Piercing . | . . . . Highest Corruption 4 | . . 4 3 Average Corruption 3 | . . 4 3 Corruption Purged . | . . . . Corruption Blocked . | . . . . Effects 1 | . . . 1 Message Errors 1 | . . . 1 Overload Shots . | . . . . Overflow Damage . | . . . . Projectiles . | . . . . Explosions . | . . . . Melee . | . . . . Knockbacks 3 | . 1 2 . Impact . | . . . . Kinetic 3 | . 1 2 . Secondary . | . . . . Self-Inflicted Damage 139 | . 75 60 4 Shots 6 | . 3 3 . Rammed 11 | . 1 7 3 Targets Rammed 39 | . 1 7 31 Kicked 28 | . . . 28 Crushed . | . . . . Highest Temperature 91 | 51 59 91 17 Average Temperature 25 | 24 24 38 8 Received Heat Transfer 594 | 48 78 54 414 Siege Activations . | . . . . Robots Corrupted . | . . . . Combat Hostiles . | . . . . Parts Fried . | . . . . Impact Corruptions . | . . . . Robots Melted . | . . . . Combat Hostiles . | . . . . Parts Melted . | . . . . Heat Transferred 141 | 111 . . 30 Parts Sabotaged . | . . . . Parts Stolen . | . . . . Parts Stripped . | . . . . Power Chain Reactions . | . . . . Alert | -11 -10 -10 -9 ------- Run | Yrd Mat Min Mat Peak Influence 131 | 20 114 131 39 Initial 39 | . 11 22 39 Average 44 | 12 59 109 18 Maximum Alert Level . | . . . . Low Security (%) 100 | 100 100 100 100 Level 1 . | . . . . Level 2 . | . . . . Level 3 . | . . . . Level 4 . | . . . . Level 5 . | . . . . High Security . | . . . . Max Security . | . . . . Squads Dispatched . | . . . . Investigation . | . . . . Extermination . | . . . . Reinforcement . | . . . . Assault . | . . . . Garrison . | . . . . Intercept . | . . . . Searches Triggered . | . . . . Construction Impeded . | . . . . Haulers Reinforced . | . . . . Active Scanning Responses . | . . . . Cargo Convoy Interrupts . | . . . . Stealth | -11 -10 -10 -9 --------- Run | Yrd Mat Min Mat Distress Signals . | . . . . Communications Jammed . | . . . . Distress Signals . | . . . . Times Spotted 29 | 1 10 5 13 Peak Tracking Total 5 | 1 2 3 5 Tactical Retreats . | . . . . Traps | -11 -10 -10 -9 ------- Run | Yrd Mat Min Mat Traps Triggered . | . . . . Indirectly . | . . . . Trap Hack Attempts . | . . . . Triggered . | . . . . Disarmed . | . . . . Reprogrammed . | . . . . Reused . | . . . . Traps Extracted . | . . . . Installed . | . . . . Triggered . | . . . . Machines | -11 -10 -10 -9 ---------- Run | Yrd Mat Min Mat Machines Disabled 1 | . 1 . . Max in Single Turn 1 | . 1 . . Machines Repaired . | . . . . Machines Dismantled . | . . . . Machines Sabotaged . | . . . . Overloaded Fab Kills . | . . . . Hacking | -11 -10 -10 -9 --------- Run | Yrd Mat Min Mat Machines Accessed 4 | . 4 . . Terminals 3 | . 3 . . Fabricators . | . . . . Repair Stations . | . . . . Recycling Units 1 | . 1 . . Scanalyzers . | . . . . Garrison Access . | . . . . Total Hacks 9 | . 9 . . Successful 9 | . 9 . . Failed . | . . . . Catastrophic . | . . . . Database Lockouts . | . . . . Manual 1 | . 1 . . Terminals 7 | . 7 . . Fabricators . | . . . . Repair Stations . | . . . . Recycling Units 2 | . 2 . . Scanalyzers . | . . . . Garrison Access . | . . . . Terminal Hacks 7 | . 7 . . Record 4 | . 4 . . Alert Level 2 | . 2 . . Unreport Threat 1 | . 1 . . Fabricator Hacks . | . . . . Repair Station Hacks . | . . . . Recycling Unit Hacks 2 | . 2 . . Recycle Component 2 | . 2 . . Scanalyzer . | . . . . Garrison Access Hacks . | . . . . Unauthorized Hacks . | . . . . Terminals . | . . . . Fabricators . | . . . . Repair Stations . | . . . . Recycling Units . | . . . . Scanalyzers . | . . . . Garrison Access . | . . . . Data Cores Recovered . | . . . . Used . | . . . . Hacking Detections 3 | . 3 . . Full Trace Events . | . . . . Feedback Events . | . . . . Feedback Blocked . | . . . . Robot Schematics Acquired . | . . . . Robots Built . | . . . . Authchips . | . . . . Time . | . . . . Total Robot Build Rating . | . . . . Part Schematics Acquired . | . . . . Parts Built . | . . . . Authchips . | . . . . Time . | . . . . Total Part Build Rating . | . . . . Parts Repaired . | . . . . Time . | . . . . Parts Recycled 2 | . 2 . . Recycled Matter . | . . . . Retrieved Matter . | . . . . Retrieved Components . | . . . . Parts Scanalyzed . | . . . . Part Schematics Acquired . | . . . . Parts Damaged . | . . . . Bothacking | -11 -10 -10 -9 ------------ Run | Yrd Mat Min Mat Used RIF Installer . | . . . . Robots Hacked 1 | . . 1 . Non-combat . | . . . . Combat 1 | . . 1 . Robot Hacks Applied 1 | . . 1 . parse_system 1 | . . 1 . Relay Couplers Released . | . . . . Fabnet Peak Effective % . | . . . . Robots Rewired . | . . . . Allies Hacked . | . . . . Hacks Repelled . | . . . . Allies | -11 -10 -10 -9 -------- Run | Yrd Mat Min Mat Total Allies . | . . . . Largest Group . | . . . . Highest-Rated Group . | . . . . Highest-Rated Ally . | . . . . Total Orders . | . . . . Ally Attacks . | . . . . Total Damage . | . . . . Kills . | . . . . Allies Corrupted . | . . . . Allies Melted . | . . . . Intel | -11 -10 -10 -9 ------- Run | Yrd Mat Min Mat Robot Analysis Total . | . . . . Derelict Logs Recovered . | . . . . Drone Launches . | . . . . Drone Recoveries . | . . . . Exploration | -11 -10 -10 -9 ------------- Run | Yrd Mat Min Mat Turns Passed 998 | 245 450 96 207 Spaces Moved 718 | 126 407 96 89 Core 76 | 21 . 3 52 Treads . | . . . . Legs 139 | 105 23 . 11 Wheels 47 | . 47 . . Hover 348 | . 337 11 . Flight 108 | . . 82 26 Fastest Speed 37 | 50 56 37 37 Average Speed 90 | 108 84 45 141 Slowest Speed 250 | 120 120 120 250 Overloaded Moves . | . . . . Propulsion Burnouts . | . . . . Robots Hopped . | . . . . Cave-ins Triggered . | . . . . Exploration Rate (%) 20 | 9 45 18 9 Regions Visited 3 Branch Regions 1 Pre-discovered Areas . | . . . . Known Exits Taken . | . . . . Unknown Exits Taken 3 | 1 1 1 . Scrap Searched . | . . . . Spaces Dug 13 | . 13 . . Terrain Destroyed 105 | . 69 36 . Melee . | . . . . Projectile . | . . . . AOE 105 | . 69 36 . Terrain Rammed . | . . . . Walls Destroyed . | . . . . Machines Disabled . | . . . . Actions | -11 -10 -10 -9 --------- Run | Yrd Mat Min Mat Total 976 | 223 472 131 150 Wait 79 | 76 . . 3 Move 715 | 125 406 95 89 Hop . | . . . . Pick Up 33 | 10 14 5 4 Fast Attach . | . . . . Attach 22 | 5 4 7 6 Detach 2 | . 1 1 . Swap 21 | 2 16 2 1 Drop 9 | . 9 . . Fire 52 | 5 21 10 16 Melee 4 | . . 4 . Ram 11 | . 1 7 3 Kick 28 | . . . 28 Crush . | . . . . Escape Stasis . | . . . . Rewire . | . . . . Trap . | . . . . Miscellaneous . | . . . . Route ------- -11/Scrapyard -10/Materials (discovered 2 exits: [*Mat] / [*Min]) -10/Mines -9/Materials (discovered 1 exit: [*Min]) History --------- Turn | Location | Event 2 | -11/Scrapyard | Met Revision 17 75 | -11/Scrapyard | Discovered new exit (range 8) 246 | -11/Scrapyard | Entered Materials 322 | -10/Materials | Build established: Mutant 567 | -10/Materials | Discovered new exit (range 8) 585 | -10/Materials | Discovered new exit (range 15) 696 | -10/Materials | Entered Mines 741 | -10/Mines | Core integrity fell below 50% 762 | -10/Mines | Discovered new exit (range 12) 767 | -10/Mines | Met a Derelict bent on vengeance 774 | -10/Mines | Found a damaged Exp. Sensor Array with a note attached 776 | -10/Mines | Found Prototype Device 777 | -10/Mines | Lost 6 parts (1p2n1u2w) 777 | -10/Mines | Identified Exp. Sensor Array 792 | -10/Mines | Entered Materials 792 | -9/Materials | Evolved 2 slots: Power x1, Weapon x1 878 | -9/Materials | Lost 5 parts (2p2n1w) 930 | -9/Materials | Lost 4 parts (2n1u1w) 946 | -9/Materials | Core integrity fell below 50% 981 | -9/Materials | Discovered new exit (range 16) 992 | -9/Materials | Core integrity fell below 20% 999 | -9/Materials | Destroyed by G-34 Mercenary with Small Laser Last Messages --------------- Kicked G-34 Mercenary. Kicked G-34 Mercenary out of the way. Lgt. Assault Rifle destroyed. Propulsion Shielding destroyed. Kicked G-34 Mercenary. Aluminum Leg destroyed. Slammed into G-34 Mercenary. G-34 Mercenary destroyed. Acquired 7 matter. Slammed into W-16 Scout. K-01 Serf collects debris. Slammed into R-06 Scavenger. Visual Processing Unit destroyed. System corrupted by crushing effect (+3). ESTOF0&>V6L%JRTPG9Y=F01WCVFQNWCTKN EXIT=FOUND Knocked back. Acquired Spread Laser. S-10 Pest destroyed. [Achievement: First Step to Greatness] Map ----- +----------------------------------------------------+ | ???# # ????# #??????????? | | ???# # ???# #??????????? | | ???### ### ??# #??????????? | | ?????# #?# ## #??????????? | | ?????# #?########## #??????????? | | ?????# #??????????# #??????????? | | ?????# #??????????# #??????????? | | ?????# #??????????+ #??????????? | | ?????# #??????????? ??????????? | | ?????# #??????????? ??????????? | | ?????# #??????????? ??????????? | | ?????# #???????????####??????????? | | ?????# #???##??#?????????????????? | | ?????# #?? ?? #?????????????????? | | ?????# #?? ??? #?????????????????? | | ?????# #? "?? #?????????????????? | | ?????# ## ??? #?????????????????? | | ?????# +???" ??????????????????? | | ?????# s#??? ???????????????????? | | ?????# ####g####???? ?????????? | | ?????# s ### ?????????? | | ?????# =% < ?????????? | | ?????# * * ###??????????????? | | ?????# #????????????????? | | ?????# !b[ #+#????????????????? | | ?????# !@! #??????????????????? | | ?????# [[! #??????????????????? | | ?????# #??????????????????? | | ?????# +??????????????????? | | ?????# ####+#??????????????????? | | ?????# #???????????????????????? | | ?????# #???????????????????????? | | ?????# #???????????????????????? | | ?????# #???????????????????????? | | ????? ???????????????????????? | | ????? ???????????????????????? | | ????# ???????????????????????? | | ????# ???????????????????????? | | ????# ?????????????????????????? | | ?????# ?????????????????????????? | | ??????? ?????????????????????????? | | ?????????????????????????????????? | | ?????????????????????????????????? | | ?????????????????????????????????? | | ?????????????????????????????????? | | ?????????????????????????????????? | | ?????????????????????????????????? | | ?????????????????????????????????? | | ?????????????????????????????????? | | ?????????????????????????????????? | +----------------------------------------------------+ Best States ------------- Heat Dissipation 28 Energy Generation 15 Energy Capacity 275 Matter Stores 300 Matter Capacity 300 Sight Range 18 Robot Scan Range 20 Terrain Scan Range 14 Terrain Scan Density 10 Resistance: KI 20 Resistance: TH 20 Resistance: EX 20 Resistance: EM 20 Resistance: I 20 Resistance: S 20 Resistance: P 20 Propulsion Shielding 33 Evasion (%) 62 Offensive Hacking 10 Item Schematics ----------------- None Robot Schematics ------------------ None Fabricated ------------ Nothing Alien Tech Used ----------------- None Achievements -------------- Crack Shot Everything Is Under Control First Step to Greatness Fist Fight Risk Taker Challenges ------------ None Game ------ Seed PlatingCompactMonowheel Manual? 0 Play Time 00:34:17 Cumulative 0.5 hours Start 2024.11.28 @ 20:11:24 End 2024.11.28 @ 20:56:02 Sessions 1 Manual Loads 0 Difficulty Adventurer Special Mode None Game No. 1 Rogue 0 Adventurer 1 Explorer 0 Win Type - Total 0 Types 0/0/0/0/0/0/0/0/0 Lore% 0 Gallery% 1 Achievement% 1 Wizard Run 0 Options --------- Layout 1 ASCII 0 Keyboard 0 Movement Arrows Keybinds 0 Fullscreen 1 Font 32/SmallcapsGlow Map View 50x35 Zoom Use 0% Tactical HUD 0 Map Filters NONE Filters NONE Steam 1 RUN: 331e29e0-2d31-4d2a-8728-f0334c21d9fe